 Dungeon Sprint DCSS version 0.30-a0-1157-g2cc9ac7196 (webtiles) character file.

Game seed: 14742276453954958548

283750 123456 the Conqueror (level 17, -4/191 HPs)
             Began as a Minotaur Fighter on Apr 24, 2023.
             Was an Initiate of Gozag.
             Killed from afar by an orb of fire (10 damage)
             ... with a fireball
             ... in the Dungeon (Sprint IX: "|||||||||||||||||||||||||||||").
             The game lasted 00:23:49 (7116 turns).

123456 the Conqueror (Minotaur Fighter)             Turns: 7116, Time: 00:23:50

Health: -4/191     AC: 53    Str: 28    XL:     17   Next: 48%
Magic:  16/16      EV: 25    Int:  8    God:    Gozag
Gold:   3529       SH: 31    Dex: 20    Spells: 16/16 levels left

rFire   + . .        n - +9 morningstar (heavy)
rCold   + . .        F - +5 tower shield of the Wild Haggis {rPois Dex+3}
rNeg    + . .        p - +15 Maxwell's patent armour {-Cast -Tele rElec Will+ rCorr}
rPois   +            r - +2 hat {Stlth+}
rElec   +            R - +0 cloak of Xegg {Regen+ Stlth+}
rCorr   +            E - +2 pair of gloves {Stlth+}
SInv    .            A - +2 pair of boots
Will    ++...        U - amulet "Werij" {Regen+ Dex+3} Stlth
                     J - ring of Psychosis {+Blink rF+ rN+ Dex+3}
HPRegen 2.11/turn    I - ring of Wunliev {*Slow rC+ AC+4 Int+3}
MPRegen 0.15/turn

%: no teleportation, no spellcasting, slow self (1%)
@: slowed, very slow
A: horns 2, retaliatory headbutt, claws 1, deterioration 1, poison resistance,
wild magic 1
}: 6/17 runes: decaying, serpentine, barnacled, elven, silver, gossamer
a: Renounce Religion, Evoke Blink, Potion Petition, Call Merchant, Bribe Branch


You were in the Dungeon.
You worshipped Gozag.
Gozag was most pleased with you.
You visited 1 branch You collected 38504 gold pieces.
You spent 5127 gold pieces at shops.
You paid 29848 gold pieces to Gozag.

Inventory:

Hand Weapons
 n - a +9 heavy morningstar (weapon)
Missiles
 T - a poisoned dart
Armour
 a - a +1 cloak
 c - a +0 buckler
 o - a +1 chain mail
 p - the +15 Maxwell's patent armour (worn) {-Cast -Tele rElec Will+ rCorr}
   (You bought it in a shop in the Dungeon)

   rElec:     It insulates you from electricity.
   -Cast:     It prevents spellcasting.
   -Tele:     It prevents most forms of teleportation.
   rCorr:     It protects you from acid and corrosion.
   Will:      It increases your willpower.
 r - a +2 hat of stealth (worn)
 A - a +2 pair of boots (worn)
 B - the +8 orange crystal plate armour {Archmagi, Int+3 Clar}
   (You found it in the Dungeon)

   Int:       It affects your intelligence (+3).
   Clar:      It protects you from confusion, rage, mesmerisation and fear.
 E - a +2 pair of gloves of stealth (worn)
 F - the +5 tower shield of the Wild Haggis (worn) {rPois Dex+3}
   (You bought it in a shop in the Dungeon)

   Dex:       It affects your dexterity (+3).
   rPois:     It protects you from poison.
 R - the +0 cloak of Xegg (worn) {Regen+ Stlth+}
   (You found it in the Dungeon)

   Regen:     It increases your rate of health regeneration.
   Stlth:     It makes you more stealthy.
Jewellery
 s - the ring of a Million People {rC+ AC+3 Int+2 Dex+3}
   (You found it in the Dungeon)

   [ring of protection]

   AC:        It affects your AC (+3).
   Int:       It affects your intelligence (+2).
   Dex:       It affects your dexterity (+3).
   rC:        It protects you from cold.
 w - the amulet of Gexzasopp {Reflect Dex+4 SH+5}
   (You found it in the Dungeon)

   [amulet of reflection]

   It reflects blocked missile attacks.
   Dex:       It affects your dexterity (+4).
   SH:        It affects your SH (+5).
 x - the ring "Ufuin" {Will+ Dex+3}
   (You found it in the Dungeon)

   [ring of willpower]

   Dex:       It affects your dexterity (+3).
   Will:      It increases your willpower.
 y - the ring "Xathomes" {rF+ Will+}
   (You found it in the Dungeon)

   [ring of willpower]

   rF:        It protects you from fire.
   Will:      It increases your willpower.
 z - the ring of the Elephant {rC+ rN+ Int+4}
   (You found it in the Dungeon)

   [ring of protection from cold]

   Int:       It affects your intelligence (+4).
   rC:        It protects you from cold.
   rN:        It protects you from negative energy.
 D - a +6 ring of dexterity
 I - the ring of Wunliev (right hand) {*Slow rC+ AC+4 Int+3}
   (You bought it in a shop in the Dungeon)

   [ring of protection]

   AC:        It affects your AC (+4).
   Int:       It affects your intelligence (+3).
   rC:        It protects you from cold.
   *Slow:     It may slow you when you take damage.
 J - the ring of Psychosis (left hand) {+Blink rF+ rN+ Dex+3}
   (You bought it in a shop in the Dungeon)

   [ring of positive energy]

   Dex:       It affects your dexterity (+3).
   rF:        It protects you from fire.
   rN:        It protects you from negative energy.
   +Blink:    It lets you blink.
 L - a +6 ring of strength
 U - the amulet "Werij" (around neck) {Regen+ Dex+3}
   (You bought it in a shop in the Dungeon)

   [amulet of regeneration]

   Dex:       It affects your dexterity (+3).
   Regen:     It increases your rate of health regeneration.
Wands
 m - a wand of iceblast (10)
 P - a wand of paralysis (8)
Scrolls
 j - 9 scrolls of blinking
 l - 2 scrolls of amnesia
 t - 3 scrolls of fog
 u - 4 scrolls of fear
 v - 5 scrolls of identify
 H - a scroll of enchant weapon
 O - a scroll of summoning {unknown}
 Q - a scroll of magic mapping {unknown}
Potions
 b - 4 potions of brilliance
 d - 3 potions of might
 e - 9 potions of curing
 f - 7 potions of heal wounds
 g - 9 potions of haste
 h - 9 potions of magic
 i - a potion of berserk rage
 k - a potion of invisibility
 C - a potion of resistance
 K - a potion of lignification {unknown}
Miscellaneous
 q - a condenser vane (quivered)
 S - a box of beasts


   Skills:
 O Level 27 Fighting
 O Level 27 Maces & Flails
 O Level 27 Throwing
 O Level 27 Armour
 O Level 27 Dodging
 + Level 26.0 Shields


You had 16 spell levels left.
You didn't know any spells.
Your spell library contained the following spells:

 Spells                   Type           Power      Damage    Failure   Level
 Sandblast                Erth           0%         2d4       86%         1
 Sting                    Tmut/Pois      0%         1d3       86%         1
 Passwall                 Tmut/Erth      0%         N/A       94%         2
 Ozocubu's Armour         Ice            0%         N/A       99%         3
 Stone Arrow              Conj/Erth      0%         3d7       99%         3
 Volatile Blastmotes      Fire/Tloc      0%         2d10      99%         3
 Anguish                  Hex/Necr       0%         N/A       100%        4
 Animate Armour           Summ/Erth      0%         N/A       100%        4
 Petrify                  Tmut/Erth      0%         N/A       100%        4
 Metabolic Englaciation   Hex/Ice        0%         N/A       100%        5
 Summon Mana Viper        Hex/Summ       0%         N/A       100%        5
 Ignition                 Fire           0%         3d3       100%        8
 Lehudib's Crystal Spear  Conj/Erth      0%         10d2      100%        8
 Simulacrum               Ice/Necr       Unusable   N/A       N/A         6

Dungeon Overview and Level Annotations

Branches:
Dungeon (1/1)

Altars:
Cheibriados
Dithmenos
Elyvilon
Fedhas
Gozag
Hepliaklqana
Kikubaaqudgha
Makhleb
Nemelex Xobeh
Okawaru
Qazlal
Ru
Sif Muna
Trog
Uskayaw
Vehumet
Wu Jian
Xom
Yredelemnul
Zin
The Shining One
Jiyva
Lugonu

Shops:
D =*(=(((=[!(*(

Annotations:
D Agnes, Joseph


Innate Abilities, Weirdness & Mutations

You have a pair of horns on your head.
You reflexively headbutt those who attack you in melee.
You have sharp fingernails.
Your body sometimes deteriorates upon taking damage.
Your system is resistant to poisons. (rPois)
Your spells are a little harder to cast, but a little more powerful.


Message History

3 silver javelins; 3 javelins Unknown command.
An acid blob comes into view.
The acid blob quivers.
The golden eye is no longer distracted by gold.
Your orb of fire emits a lurid red light.
The fireball explodes!
The fireball engulfs you!!! You resist.
* * * LOW HITPOINT WARNING * * *
The fireball engulfs the acid blob!!!!
The acid blob dies!
You see here 54 gold pieces.
You feel much better.
Your orb of fire emits a lurid red light.
The bolt of fire hits your orb of fire.
Your orb of fire completely resists.
The bolt of fire hits you! You resist.
* * * LOW HITPOINT WARNING * * *
The bolt of fire hits the golden eye!!!!
The golden eye dies!
The acid blob spits acid at you.
The splash of acid hits you but does no damage.
A rockslime comes into view.
An acid blob comes into view.
Your orb of fire glows deep purple.
The bolt of fire hits your orb of fire.
Your orb of fire completely resists.
The bolt of fire misses you.
The bolt of fire hits the acid blob!!!
The bolt of fire hits the rockslime!
The rockslime resists.
You see here 108 gold pieces.
Unknown command.
Your orb of fire is no longer covered in acid.
Your orb of fire emits a lurid red light.
The bolt of fire hits you!!! You resist.
* * * LOW HITPOINT WARNING * * *
The bolt of fire misses the acid blob.
The bolt of fire hits the rockslime!
The rockslime resists.
You block the acid blob's attack.
Your orb of fire glows bright magenta.
The fireball explodes!
The fireball engulfs you! You resist.
You die...
Your body crumbles into a pile of gold.

▓.▓X▓.▓.▓.▓∩▓.▓∩
▓.▓.▓X▓.▓.▓.▓.▓.▓}
▓.▓.▓X▓.▓.▓.▓.▓.▓∩
▓.▓.▓X▓.▓.▓.▓.▓.▓∩
▓J▓.▓X▓.▓)▓.▓.▓.▓.
▓.▓.▓X▓.▓.▓.▓.▓.▓[
▓J▓.▓X▓.▓'▓.▓.▓.▓[
▓J▓.▓X▓.▓d▓.▓.▓.▓∩
▓@▓.▓X▓.▓d▓.▓.▓.▓[
▓$▓.▓X▓.▓d▓.▓.▓.▓.
▓*▓.▓X▓.▓d▓.▓.▓.▓[
▓*▓.▓X▓.▓d▓)▓.▓.▓[
▓X▓.▓X▓.▓q▓.▓.▓.▓.
▓X▓.▓X▓.▓q▓.▓.▓.▓[
▓X▓.▓q▓.▓q▓.▓.▓.▓.
▓X▓.▓X▓.▓.▓.▓.▓.▓)
▓.▓.▓X▓.▓'▓.▓.▓.▓[


You could see 2 acid blobs, a rockslime, 2 friendly orbs of fire, a friendly
tentacled monstrosity and 3 friendly Orb Guardians.

Vanquished Creatures
  An ancient lich (D)
  Mara (D)
  Boris (D)
  Margery (D)
  A curse toe (D)
  2 golden dragons (D)
  Nikola (D)
  Jory (D)
  A bone dragon (D)
  2 liches (D)
  A quicksilver dragon (D)
  2 titans (D)
  A deep elf master archer (D)
  An acid blob (D)
  A tengu reaver (D)
  Gastronok (D)
  6 shadow dragons (D)
  2 rockslimes (D)
  5 storm dragons (D)
  An azure jelly (D)
  2 draconian monks (D)
  Ilsuiw (D)
  2 frost giants (D)
  A fire giant (D)
  4 emperor scorpions (D)
  3 ghost moths (D)
  An orc warlord (D)
  A very ugly thing (D)
  An ironbound thunderhulk (D)
  Nessos (D)
  3 dire elephants (D)
  2 yellow draconians (D)
  A bunyip (D)
  2 purple draconians (D)
  4 fire dragons (D)
  2 merfolk javelineers (D)
  A deep elf death mage (D)
  2 yaktaur captains (D)
  An entropy weaver (D)
  10 hydras (D)
  5 ice dragons (D)
  Erolcha (D)
  2 centaur warriors (D)
  6 vault guards (D)
  A catoblepas (D)
  An ogre mage (D)
  An alligator snapping turtle (D)
  A boulder beetle (D)
  A merfolk aquamancer (D)
  A tengu warrior (D)
  A naga warrior (D)
  3 deep troll earth magi (D)
  An orc high priest (D)
  4 hell knights (D)
  A naga sharpshooter (D)
  2 shock serpents (D)
  A skyshark (D)
  2 pharaoh ants (D)
  A sea snake (D)
  A goliath frog (D)
  An orb spider (D)
  A skeletal warrior (D)
  3 ironbound convokers (D)
  A lindwurm (D)
  A steelbarb worm (D)
  3 swamp dragons (D)
  2 orc knights (D)
  An ugly thing (D)
  A cyclops (D)
  7 moths of wrath (D)
  A merfolk siren (D)
  6 elephants (D)
  3 black mambas (D)
  3 cane toads (D)
  A demonic crawler (D)
  2 naga magi (D)
  An efreet (D)
  A troll (D)
  A tarantella (D)
  2 tyrant leeches (D)
  2 dream sheep (D)
  2 snapping turtles (D)
  5 spriggans (D)
  A basilisk (D)
  A water elemental (D)
  A wyvern (D)
  A steam dragon (D)
  2 yaks (D)
  5 redbacks (D)
  A golden eye (D)
  A redback (shapeshifter) (D)
  2 vampire mosquitoes (D)
  An acid dragon (D)
  5 water moccasins (D)
  5 orc warriors (D)
  2 swamp drakes (D)
  A kobold brigand (D)
  A bullfrog (D)
  A killer bee (D)
  A howler monkey (D)
  3 orc priests (D)
  2 sleepcaps (D)
  An iguana (D)
  A hell rat (D)
  2 orc wizards (D)
  6 orcs (D)
  A jackal (D)
  A quokka (D)
  A bat (D)
  2 rats (D)
218 creatures vanquished.

Vanquished Creatures (collateral kills)
  the Royal Jelly (D)
  6 ancient liches (D)
  A Killer Klown (D)
  3 electric golems (D)
  A tentacled monstrosity (D)
  10 Orb Guardians (D)
  3 liches (D)
  A quicksilver dragon (D)
  A titan (D)
  4 deep elf blademasters (D)
  5 acid blobs (D)
  A deep elf master archer (D)
  2 shadow dragons (D)
  A sphinx (D)
  2 nagarajas (D)
  3 storm dragons (D)
  6 azure jellies (D)
  A deep elf sorcerer (D)
  3 vault wardens (D)
  A frost giant (D)
  2 quicksilver oozes (D)
  An ironbound preserver (D)
  2 stone giants (D)
  3 deep elf demonologists (D)
  A red draconian (D)
  3 vampire knights (D)
  A deep elf annihilator (D)
  A spark wasp (D)
  A merfolk javelineer (D)
  A deep elf death mage (D)
  A fire dragon (D)
  9 vault guards (D)
  A yaktaur captain (D)
  2 deep elf high priests (D)
  An ice dragon (D)
  A hydra (D)
  A deep troll earth mage (D)
  2 hell knights (D)
  A goliath frog (D)
  An ironbound convoker (D)
  An ugly thing (D)
  2 moths of wrath (D)
  2 naga magi (D)
  A merfolk (D)
  6 spriggans (D)
  A golden eye (D)
  A naga (D)
  A floating eye (D)
107 creatures vanquished.

Vanquished Creatures (others)
  2 ancient liches (D)
  An electric golem (D)
  3 tentacled monstrosities (D)
  9 Orb Guardians (D)
  A death cob (D)
  A storm dragon (D)
  2 nagarajas (D)
  3 vault wardens (D)
  A draconian shifter (D)
  A stone giant (D)
  A draconian stormcaller (D)
  An ironbound thunderhulk (D)
  An eleionoma (D)
  A black draconian (D)
  A red draconian (D)
  3 merfolk impalers (D)
  A merfolk javelineer (D)
  A yaktaur captain (D)
  9 vault guards (D)
  2 ice dragons (D)
  2 merfolk avatars (D)
  A merfolk aquamancer (D)
  A naga warrior (D)
  A deep troll earth mage (D)
  A tengu warrior (D)
  A hell knight (D)
  A spriggan berserker (D)
  An orc high priest (D)
  Nergalle (D)
  3 wizards (D)
  3 glowing orange brains (D)
  2 ironbound convokers (D)
  A necromancer (D)
  2 orc knights (D)
  A lindwurm (D)
  A steelbarb worm (shapeshifter) (D)
  A phantasmal warrior (D)
  3 orc sorcerers (D)
  A cyclops (D)
  7 moths of wrath (D)
  2 naga magi (D)
  3 vault sentinels (D)
  A guardian serpent (D)
  2 nagas (D)
  4 orc warriors (D)
  5 orcs (D)
  A giant cockroach simulacrum (D)
98 creatures vanquished.

Grand Total: 423 creatures vanquished

Notes
Turn   | Place    | Note
-------+----------+-------------------------------------------
     0 | D        | 123456 the Minotaur Fighter began the quest for the Orb.
     0 | D        | Reached XP level 1. HP: 19/19 MP: 0/0
    13 | D        | Reached skill level 1 in Dodging
    20 | D        | Noticed a sleepcap
    20 | D        | Noticed a water moccasin
    20 | D        | Noticed an iguana
    20 | D        | Noticed a sleepcap
    20 | D        | Noticed a howler monkey
    24 | D        | Killed a howler monkey
    25 | D        | Reached skill level 5 in Fighting
    25 | D        | Reached skill level 5 in Maces & Flails
    25 | D        | Reached XP level 2. HP: 30/30 MP: 1/1
    25 | D        | Reached XP level 3. HP: 37/37 MP: 2/2
    29 | D        | Reached skill level 5 in Armour
    33 | D        | Reached XP level 4. HP: 33/47 MP: 3/3
    37 | D        | Killed a water moccasin
    38 | D        | Reached XP level 5. HP: 31/56 MP: 4/4
   150 | D        | Found a snail-covered altar of Cheibriados.
   150 | D        | Found a shadowy altar of Dithmenos.
   150 | D        | Found a white marble altar of Elyvilon.
   150 | D        | Found a blossoming altar of Fedhas.
   150 | D        | Found an opulent altar of Gozag.
   151 | D        | Found a hazy altar of Hepliaklqana.
   152 | D        | Found a viscous altar of Jiyva.
   153 | D        | Found an ancient bone altar of Kikubaaqudgha.
   154 | D        | Found a corrupted altar of Lugonu.
   155 | D        | Found a burning altar of Makhleb.
   156 | D        | Found a sparkling altar of Nemelex Xobeh.
   157 | D        | Found an iron altar of Okawaru.
   158 | D        | Became a worshipper of Gozag Ym Sagoz the Greedy
   161 | D        | Found a stormy altar of Qazlal.
   162 | D        | Found a sacrificial altar of Ru.
   163 | D        | Found a shimmering blue altar of Sif Muna.
   164 | D        | Found a bloodstained altar of Trog.
   165 | D        | Found a hide-covered altar of Uskayaw.
   166 | D        | Found a radiant altar of Vehumet.
   167 | D        | Found an ornate altar of the Wu Jian Council.
   168 | D        | Found a shimmering altar of Xom.
   169 | D        | Found a basalt altar of Yredelemnul.
   170 | D        | Found a glowing silver altar of Zin.
   171 | D        | Found a glowing golden altar of the Shining One.
   218 | D        | Noticed a yak
   218 | D        | Noticed a troll
   218 | D        | Noticed an orc warrior
   218 | D        | Noticed a steam dragon
   220 | D        | Reached skill level 5 in Dodging
   220 | D        | Reached XP level 6. HP: 64/64 MP: 5/5
   222 | D        | Killed a steam dragon
   223 | D        | Reached skill level 10 in Fighting
   223 | D        | Reached skill level 10 in Maces & Flails
   233 | D        | Killed an orc warrior
   234 | D        | Reached XP level 7. HP: 54/74 MP: 6/6
   238 | D        | Killed a troll
   240 | D        | Killed a yak
   405 | D        | Noticed a catoblepas
   405 | D        | Noticed a centaur warrior
   405 | D        | Noticed a vampire mosquito
   405 | D        | Noticed a vampire mosquito
   405 | D        | Noticed a cyclops
   408 | D        | Killed a cyclops
   409 | D        | Reached XP level 8. HP: 86/86 MP: 7/7
   414 | D        | Reached skill level 10 in Armour
   420 | D        | Killed a centaur warrior
   421 | D        | Reached XP level 9. HP: 61/96 MP: 8/8
   442 | D        | Killed a catoblepas
   443 | D        | Reached skill level 15 in Fighting
   443 | D        | Reached skill level 15 in Maces & Flails
   801 | D        | Gained mutation: Your spells are a little easier to cast,
                  | but a little less powerful. [potion of mutation]
   802 | D        | Noticed a cane toad
   802 | D        | Noticed a black mamba
   805 | D        | Noticed a cane toad
   814 | D        | Killed a black mamba
   815 | D        | Reached skill level 10 in Dodging
   816 | D        | Killed a cane toad
   827 | D        | Killed a cane toad
   828 | D        | Reached XP level 10. HP: 43/108 MP: 9/9
  1007 | D        | Noticed a cane toad
  1007 | D        | Noticed a skyshark
  1007 | D        | Noticed an elephant
  1007 | D        | Noticed a seven-headed hydra
  1015 | D        | Killed a seven-headed hydra
  1023 | D        | Killed an elephant
  1029 | D        | Killed a skyshark
  1037 | D        | Killed a cane toad
  1302 | D        | Noticed an elephant
  1302 | D        | Noticed a dire elephant
  1302 | D        | Noticed a dire elephant
  1302 | D        | Noticed an elephant
  1302 | D        | Noticed an elephant
  1302 | D        | Noticed a dire elephant
  1302 | D        | Noticed an elephant
  1308 | D        | Killed a dire elephant
  1315 | D        | Killed a dire elephant
  1316 | D        | Reached XP level 11. HP: 49/121 MP: 10/10
  1323 | D        | Killed a dire elephant
  1648 | D        | Noticed Gastronok
  1654 | D        | Killed Gastronok
  1874 | D        | Noticed an orc sorcerer
  1874 | D        | Noticed an orc sorcerer
  1874 | D        | Noticed an orc sorcerer
  1878 | D        | Killed an orc sorcerer
  1880 | D        | Noticed an orc knight
  1919 | D        | Found Zoyr Hosa's Antique Weapon Boutique.
  1919 | D        | Noticed an orc sorcerer
  1920 | D        | Noticed an orc knight
  1921 | D        | Found Lisiridu's Assorted Antiques.
  1921 | D        | Noticed an orc high priest
  1922 | D        | Noticed an orc high priest
  1923 | D        | Found Nedom's Antique Weapon Boutique.
  1925 | D        | Found Yzaykes's Distillery.
  1926 | D        | Noticed an orc sorcerer
  1927 | D        | Noticed an orc high priest
  1930 | D        | Killed an orc knight
  1931 | D        | Noticed a sixfirhy
  1933 | D        | Killed an orc high priest
  1934 | D        | Killed an orc sorcerer
  1936 | D        | Noticed an orc sorcerer
  1937 | D        | Noticed an orc knight
  1942 | D        | Killed an orc high priest
  1947 | D        | Killed an orc knight
  1948 | D        | Reached skill level 15 in Armour
  2057 | D        | Bought a large granite ring for 125 gold pieces
  2057 | D        | Bought a potion of heal wounds for 125 gold pieces
  2061 | D        | Bought a potion of mutation for 88 gold pieces
  2061 | D        | Bought a potion of curing for 33 gold pieces
  2061 | D        | Bought a potion of curing for 33 gold pieces
  2061 | D        | Lost mutation: Your spells are a little easier to cast, but
                  | a little less powerful. [potion of mutation]
  2061 | D        | Gained mutation: You expend magic power (3 MP) to
                  | strengthen your wands. [potion of mutation]
  2083 | D        | Noticed Erolcha
  2088 | D        | Killed Erolcha
  2164 | D        | Found the +12 pair of quick blades "Gyre" and "Gimble"
                  | {protect}
  2183 | D        | Found the +8 orange crystal plate armour {Archmagi, Int+3
                  | Clar}
  2224 | D        | Lost mutation: You expend magic power (3 MP) to strengthen
                  | your wands. [potion of mutation]
  2224 | D        | Gained mutation: You sometimes lose your temper in combat.
                  | [potion of mutation]
  2224 | D        | Gained mutation: You are strong-willed. (Will+) [potion of
                  | mutation]
  2224 | D        | Gained mutation: You are covered in fur. (AC +1) [potion of
                  | mutation]
  2279 | D        | Noticed a red ugly thing
  2279 | D        | Noticed an ogre mage
  2279 | D        | Noticed a centaur warrior
  2280 | D        | Noticed a skeletal warrior
  2283 | D        | Killed a centaur warrior
  2284 | D        | Killed an ogre mage
  2284 | D        | Noticed a boulder beetle
  2286 | D        | Noticed a glowing orange brain
  2287 | D        | Noticed a glowing orange brain
  2289 | D        | Killed a red ugly thing
  2289 | D        | Killed a glowing orange brain
  2290 | D        | Reached XP level 12. HP: 122/136 MP: 11/11
  2291 | D        | Noticed a stone giant
  2298 | D        | Killed a boulder beetle
  2302 | D        | Noticed a vampire mage
  2375 | D        | Noticed Joseph
  2405 | D        | Noticed Nergalle
  2610 | D        | Noticed a naga warrior
  2610 | D        | Noticed a naga warrior
  2625 | D        | Killed a naga warrior
  2627 | D        | Killed a naga warrior
  2632 | D        | Your ally Nergalle died
  2922 | D        | Bought a +6 ring of dexterity for 612 gold pieces
  2926 | D        | Bought a +0 pair of gloves of stealth for 138 gold pieces
  2926 | D        | Bought the +5 tower shield of the Wild Haggis {rPois Dex+3}
                  | for 564 gold pieces
  2957 | D        | Noticed an entropy weaver
  2973 | D        | Reached skill level 15 in Dodging
  2980 | D        | Killed an entropy weaver
  3152 | D        | Noticed a merfolk javelineer
  3152 | D        | Noticed a merfolk impaler
  3155 | D        | Noticed an alligator snapping turtle
  3164 | D        | Killed a merfolk javelineer
  3173 | D        | Killed an alligator snapping turtle
  3238 | D        | Noticed a six-headed hydra
  3238 | D        | Noticed a bunyip
  3238 | D        | Noticed an eleionoma
  3241 | D        | Noticed a seven-headed hydra
  3247 | D        | Killed a bunyip
  3248 | D        | Reached XP level 13. HP: 148/148 MP: 12/12
  3420 | D        | Noticed Agnes
  3491 | D        | Noticed a tentacled monstrosity
  3491 | D        | Noticed a stone giant
  3491 | D        | Noticed a stone giant
  3491 | D        | Noticed a frost giant
  3493 | D        | Noticed a fire dragon
  3495 | D        | Noticed a spark wasp
  3496 | D        | Noticed a fire dragon
  3497 | D        | Noticed a fire dragon
  3499 | D        | Killed a stone giant
  3499 | D        | Killed a tentacled monstrosity
  3501 | D        | Killed a fire dragon
  3504 | D        | Noticed a stone giant
  3505 | D        | Killed a spark wasp
  3507 | D        | Killed a fire dragon
  3507 | D        | Killed a fire dragon
  3569 | D        | Noticed an orc warlord
  3569 | D        | Noticed a vault warden
  3569 | D        | Noticed an ironbound preserver
  3569 | D        | Noticed an ironbound thunderhulk
  3572 | D        | Noticed a vault warden
  3573 | D        | Noticed a vault warden
  3577 | D        | Killed an orc warlord
  3581 | D        | Noticed an ironbound thunderhulk
  3601 | D        | Noticed an Orb Guardian
  3605 | D        | Killed a stone giant
  3606 | D        | Killed a vault warden
  3609 | D        | Killed a stone giant
  3609 | D        | Killed an ironbound preserver
  3616 | D        | Killed an ironbound thunderhulk
  3617 | D        | Killed a vault warden
  3697 | D        | Noticed Jory
  3709 | D        | Killed Jory
  3873 | D        | Noticed Margery
  3886 | D        | Killed Margery
  4142 | D        | Lost mutation: You sometimes lose your temper in combat.
                  | [potion of mutation]
  4142 | D        | Lost mutation: You are covered in fur. (AC +1) [potion of
                  | mutation]
  4142 | D        | Lost mutation: You are strong-willed. (Will+) [potion of
                  | mutation]
  4142 | D        | Gained mutation: Your spells are a little harder to cast,
                  | but a little more powerful. [potion of mutation]
  4142 | D        | Gained mutation: You have sharp fingernails. [potion of
                  | mutation]
  4142 | D        | Gained mutation: Your body sometimes deteriorates upon
                  | taking damage. [potion of mutation]
  4142 | D        | Gained mutation: Your system is resistant to poisons.
                  | (rPois) [potion of mutation]
  4188 | D        | Noticed Nikola
  4198 | D        | Noticed Boris
  4201 | D        | Killed Nikola
  4209 | D        | Killed Boris
  4210 | D        | Reached XP level 14. HP: 91/166 MP: 13/13
  4429 | D        | Noticed an emperor scorpion
  4439 | D        | Killed a ghost moth
  4446 | D        | Killed an emperor scorpion
  4451 | D        | Killed a ghost moth
  4616 | D        | Noticed an emperor scorpion
  4618 | D        | Noticed an emperor scorpion
  4624 | D        | Killed an emperor scorpion
  4625 | D        | Reached skill level 1 in Throwing
  4631 | D        | Killed an emperor scorpion
  4632 | D        | Reached skill level 27 in Fighting
  4633 | D        | Killed a ghost moth
  4634 | D        | Reached skill level 27 in Maces & Flails
  4636 | D        | Noticed an emperor scorpion
  4645 | D        | Killed an emperor scorpion
  4653 | D        | Got a gossamer rune of Zot
  4733 | D        | Noticed Ilsuiw
  4744 | D        | Killed Ilsuiw
  4765 | D        | Reached skill level 5 in Throwing
  4772 | D        | Got a barnacled rune of Zot
  4876 | D        | Noticed a nagaraja
  4876 | D        | Noticed a nagaraja
  4877 | D        | Noticed a nagaraja
  4879 | D        | Noticed a nagaraja
  4881 | D        | Noticed a nagaraja
  4889 | D        | Got a serpentine rune of Zot
  4992 | D        | Got a decaying rune of Zot
  5276 | D        | Noticed a tengu reaver
  5276 | D        | Noticed a sphinx
  5276 | D        | Noticed a vault warden
  5277 | D        | Noticed a vault warden
  5279 | D        | Killed a vault warden
  5281 | D        | Noticed a shadow dragon
  5283 | D        | Noticed a vault warden
  5284 | D        | Killed a tengu reaver
  5285 | D        | Noticed a shadow dragon
  5287 | D        | Noticed a frost giant
  5288 | D        | Killed a vault warden
  5288 | D        | Killed a nagaraja
  5288 | D        | Killed a vault warden
  5291 | D        | Killed a shadow dragon
  5292 | D        | Noticed a red very ugly thing
  5294 | D        | Killed a nagaraja
  5295 | D        | Killed a shadow dragon
  5297 | D        | Killed a sphinx
  5300 | D        | Killed a frost giant
  5302 | D        | Killed a red very ugly thing
  5308 | D        | Reached skill level 10 in Throwing
  5379 | D        | Got the Dissertation on the Boulder and Fascination
  5484 | D        | Noticed a shadow dragon
  5484 | D        | Noticed a titan
  5484 | D        | Noticed a titan
  5484 | D        | Noticed a titan
  5484 | D        | Noticed a shadow dragon
  5487 | D        | Noticed a lich
  5488 | D        | Killed a shadow dragon
  5489 | D        | Killed a titan
  5489 | D        | Noticed an ancient lich
  5493 | D        | Killed a titan
  5493 | D        | Noticed a shadow dragon
  5494 | D        | Reached XP level 15. HP: 163/174 MP: 14/14
  5494 | D        | Killed a titan
  5498 | D        | Killed a shadow dragon
  5501 | D        | Killed an ancient lich
  5513 | D        | Killed a lich
  5517 | D        | Killed a shadow dragon
  5522 | D        | Found the +8 Vampire's Tooth {megavamp}
  5526 | D        | Got the Incunabulum of Pestilent Arson
  5528 | D        | Got a silver rune of Zot
  5529 | D        | Identified the +0 cloak of Xegg {Regen+ Stlth+}
  5778 | D        | Bought the amulet "Werij" {Regen+ Dex+3} for 476 gold
                  | pieces
  5806 | D        | Bought the +15 Maxwell's patent armour {-Cast -Tele rElec
                  | Will+ rCorr} for 1064 gold pieces
  5806 | D        | Found the +15 Maxwell's patent armour {-Cast -Tele rElec
                  | Will+ rCorr}
  5806 | D        | Bought a condenser vane for 400 gold pieces
  5896 | D        | Got the ring of a Million People {rC+ AC+3 Int+2 Dex+3}
  5898 | D        | Got the amulet of Gexzasopp {Reflect Dex+4 SH+5}
  5900 | D        | Got the ring "Ufuin" {Will+ Dex+3}
  5902 | D        | Got the ring "Xathomes" {rF+ Will+}
  5904 | D        | Got the ring of the Elephant {rC+ rN+ Int+4}
  5983 | D        | Bought the ring of Wunliev {*Slow rC+ AC+4 Int+3} for 760
                  | gold pieces
  5983 | D        | Bought the ring of Psychosis {+Blink rF+ rN+ Dex+3} for 709
                  | gold pieces
  6011 | D        | Noticed Nessos
  6018 | D        | Killed Nessos
  6040 | D        | Noticed Mara
  6045 | D        | Noticed 123456's illusion
  6072 | D        | Killed Mara
  6111 | D        | Noticed a fire giant
  6113 | D        | Reached skill level 5 in Shields
  6115 | D        | Noticed a lich
  6117 | D        | Noticed a frost giant
  6130 | D        | Killed a fire giant
  6137 | D        | Killed a lich
  6143 | D        | Killed a frost giant
  6162 | D        | Noticed a storm dragon
  6165 | D        | Killed a storm dragon
  6167 | D        | Noticed a bone dragon
  6175 | D        | Noticed a storm dragon
  6176 | D        | Noticed a storm dragon
  6180 | D        | Killed a bone dragon
  6181 | D        | Reached skill level 15 in Throwing
  6208 | D        | Killed a storm dragon
  6210 | D        | Killed a storm dragon
  6241 | D        | Noticed a green draconian monk
  6241 | D        | Noticed a storm dragon
  6241 | D        | Noticed a shadow dragon
  6242 | D        | Noticed a green draconian monk
  6249 | D        | Killed a shadow dragon
  6255 | D        | Killed a storm dragon
  6261 | D        | Killed a green draconian monk
  6275 | D        | Killed a green draconian monk
  6332 | D        | Noticed a storm dragon
  6332 | D        | Noticed a tentacled monstrosity
  6332 | D        | Noticed a golden dragon
  6335 | D        | Noticed a quicksilver dragon
  6336 | D        | Reached skill level 10 in Shields
  6339 | D        | Killed a golden dragon
  6344 | D        | Killed a quicksilver dragon
  6345 | D        | Reached XP level 16. HP: 183/183 MP: 15/15
  6348 | D        | Killed a storm dragon
  6349 | D        | Reached skill level 27 in Armour
  6381 | D        | Noticed a tentacled monstrosity
  6381 | D        | Noticed a golden dragon
  6389 | D        | Killed a golden dragon
  6400 | D        | Noticed a curse toe
  6400 | D        | Noticed a tentacled monstrosity
  6400 | D        | Noticed a tentacled monstrosity
  6401 | D        | Noticed an electric golem
  6404 | D        | Noticed a storm dragon
  6408 | D        | Killed a curse toe
  6417 | D        | Killed an electric golem
  6419 | D        | Killed a tentacled monstrosity
  6422 | D        | Killed a storm dragon
  6580 | D        | Noticed an Orb Guardian
  6580 | D        | Noticed an Orb Guardian
  6580 | D        | Noticed an Orb Guardian
  6580 | D        | Noticed an Orb Guardian
  6580 | D        | Noticed an Orb Guardian
  6580 | D        | Noticed an Orb Guardian
  6581 | D        | Noticed an Orb Guardian
  6582 | D        | Noticed an Orb Guardian
  6583 | D        | Noticed an Orb Guardian
  6584 | D        | Noticed an Orb Guardian
  6593 | D        | Noticed a shadow dragon
  6593 | D        | Noticed a storm dragon
  6593 | D        | Noticed an Orb Guardian
  6593 | D        | Noticed an Orb Guardian
  6595 | D        | Noticed an Orb Guardian
  6596 | D        | Noticed an Orb Guardian
  6598 | D        | Killed a storm dragon
  6600 | D        | Killed a shadow dragon
  6650 | D        | Noticed an ancient lich
  6651 | D        | Noticed an orb of fire
  6655 | D        | Noticed an electric golem
  6661 | D        | Killed an electric golem
  6674 | D        | Noticed an electric golem
  6674 | D        | Noticed a death cob
  6674 | D        | Noticed a Killer Klown
  6674 | D        | Noticed an ancient lich
  6674 | D        | Noticed a shadow dragon
  6675 | D        | Noticed an ancient lich
  6677 | D        | Killed a Killer Klown
  6678 | D        | Killed an electric golem
  6679 | D        | Noticed an orb of fire
  6680 | D        | Killed a shadow dragon
  6682 | D        | Noticed a storm dragon
  6683 | D        | Noticed a quicksilver dragon
  6683 | D        | Killed an Orb Guardian
  6683 | D        | Killed an ancient lich
  6684 | D        | Killed an Orb Guardian
  6684 | D        | Noticed a tentacled monstrosity
  6684 | D        | Killed a storm dragon
  6685 | D        | Noticed an electric golem
  6685 | D        | Killed an ancient lich
  6685 | D        | Killed a storm dragon
  6686 | D        | Killed a quicksilver dragon
  6688 | D        | Killed a tentacled monstrosity
  6691 | D        | Killed an electric golem
  6770 | D        | Noticed an Orb Guardian
  6770 | D        | Noticed an Orb Guardian
  6770 | D        | Noticed an Orb Guardian
  6770 | D        | Noticed an Orb Guardian
  6770 | D        | Noticed an Orb Guardian
  6772 | D        | Noticed an Orb Guardian
  6773 | D        | Noticed an Orb Guardian
  6774 | D        | Noticed an Orb Guardian
  6775 | D        | Noticed an Orb Guardian
  6775 | D        | Killed an Orb Guardian
  6777 | D        | Noticed an Orb Guardian
  6779 | D        | Noticed an Orb Guardian
  6779 | D        | Killed an Orb Guardian
  6780 | D        | Reached skill level 27 in Dodging
  6780 | D        | Killed an Orb Guardian
  6892 | D        | Noticed an ancient lich
  6892 | D        | Noticed an ancient lich
  6892 | D        | Noticed a lich
  6892 | D        | Noticed a lich
  6893 | D        | Killed a lich
  6894 | D        | Noticed an ancient lich
  6894 | D        | Killed an Orb Guardian
  6895 | D        | Killed a lich
  6896 | D        | Reached skill level 15 in Shields
  6896 | D        | Noticed an ancient lich
  6897 | D        | Noticed an ancient lich
  6897 | D        | Killed an Orb Guardian
  6897 | D        | Killed an Orb Guardian
  6900 | D        | Killed an Orb Guardian
  6901 | D        | Killed an ancient lich
  6901 | D        | Killed an ancient lich
  6903 | D        | Killed an Orb Guardian
  6904 | D        | Killed an ancient lich
  6905 | D        | Killed a lich
  7031 | D        | Noticed a deep elf master archer
  7032 | D        | Noticed a deep elf blademaster
  7034 | D        | Reached XP level 17. HP: 151/191 MP: 16/16
  7034 | D        | Killed a deep elf master archer
  7035 | D        | Noticed a deep elf blademaster
  7035 | D        | Killed a deep elf blademaster
  7037 | D        | Noticed a deep elf blademaster
  7040 | D        | Killed a deep elf blademaster
  7044 | D        | Killed a deep elf blademaster
  7048 | D        | Killed a deep elf blademaster
  7048 | D        | Killed a deep elf master archer
  7071 | D        | Got an elven rune of Zot
  7083 | D        | Noticed an acid blob
  7083 | D        | Noticed an acid blob
  7085 | D        | Killed an acid blob
  7085 | D        | Killed an acid blob
  7086 | D        | Reached skill level 27 in Throwing
  7100 | D        | Noticed the Royal Jelly
  7102 | D        | Noticed an acid blob
  7108 | D        | Killed an acid blob
  7109 | D        | Killed the Royal Jelly
  7110 | D        | Noticed an acid blob
  7110 | D        | Noticed an acid blob
  7110 | D        | Noticed an acid blob
  7111 | D        | Killed an acid blob
  7112 | D        | Killed an acid blob
  7113 | D        | Noticed an acid blob
  7113 | D        | Killed an acid blob
  7115 | D        | Noticed an acid blob
  7116 | D        | HP: 6/191 [orb of fire/bolt of fire (42)]
  7116 | D        | Killed from afar by an orb of fire

Illustrated notes

Levels and vault maps discovered:
D:        linesprint [early_d, line_temple, items_1, d_10, items_2, lair_1,
          lair_end, items_3, orc_1, orc_end, items_4, d_15, swamp_1, shoals_1,
          snake_1, spider_1, d_20, vaults_1, items_5, swamp_end, shoals_end,
          snake_end, spider_end, vaults_end, d_27, items_6, zot_1, zot_end,
          crypt_end, forest_end, elf_end, slime_end, tomb_end, abyss_end,
          pan_hell_end]

Skill      XL: |  1  2  3  4  5  6  7  8  9 10 11 12 13 14 15 16 17 |
---------------+----------------------------------------------------+-----
Fighting       | 5 7 8 9 11 13 14 16 18 21 23 26 27 | 27.0
Maces & Flails | 5 6 8 9 11 13 14 16 18 21 23 26 27 | 27.0
Dodging        | 2 3 4 5 6 8 9 10 12 13 15 17 21 24 27 | 27.0
Armour         | 4 5 6 7 8 9 10 12 13 15 17 19 23 26 27 | 27.0
Throwing       | 11 17 24 27 | 27.0
Shields        | 10 19 26 | 26.0

Action                     |  1- 3 |  4- 6 |  7- 9 | 10-12 | 13-15 | 16-18 || total
---------------------------+-------+-------+-------+-------+-------+-------++-------
  Melee: Flail             |    22 |    10 |       |       |       |       ||    32
         Headbutt          |     4 |     2 |     1 |    44 |    95 |    12 ||   158
         Morningstar       |       |    14 |    46 |   193 |   358 |    47 ||   658
  Throw: Javelin           |       |       |       |       |     9 |     6 ||    15
         Dart              |       |       |       |       |       |     3 ||     3
 Invoke: Potion Petition   |       |       |       |     1 |     3 |       ||     4
         Bribe Branch      |       |       |       |     1 |     2 |     3 ||     6
         Call Merchant     |       |       |       |     2 |     7 |       ||     9
  Evoke: Condenser vane    |       |       |       |       |       |     1 ||     1
    Use: Potion            |       |       |     2 |     5 |     4 |     2 ||    13
         Scroll            |       |       |       |     2 |     9 |       ||    11
   Stab: Petrified         |       |       |     1 |       |       |       ||     1
         Distracted        |       |       |       |     2 |    15 |     3 ||    20
         Invisible         |       |       |       |       |     4 |       ||     4
 Armour: Scale mail        |     9 |     1 |       |       |       |       ||    10
         Chain mail        |       |     5 |    19 |    49 |       |       ||    73
         Crystal plate arm |       |       |       |    44 |   266 |     8 ||   318
         Plate armour      |       |       |       |       |       |    14 ||    14
  Dodge: Dodged            |    11 |    14 |    29 |    88 |   198 |    35 ||   375
  Block: Buckler           |       |     4 |    12 |    22 |       |       ||    38
         Tower shield      |       |       |       |    60 |   441 |    51 ||   552
         Reflection        |       |       |       |       |     2 |       ||     2

Table legend: (Time is in decaauts)
 A = Elapsed time spent in this place.
 B = Non-inter-level travel time spent in this place.
 C = Inter-level travel time spent in this place.
 D = Time resting spent in this place.
 E = Time spent auto-exploring this place.
 F = Levels seen in this place.
 G = Mean time per level.
                   A        B        C        D        E       F      G
               +--------+--------+--------+--------+--------+-----+--------+
         Total |   7321 |   7301 |     20 |   1725 |   2707 |   1 | 7321.0 |
       Dungeon |   7321 |   7301 |     20 |   1725 |   2707 |   1 | 7321.0 |
               +--------+--------+--------+--------+--------+-----+--------+

Top non-repeatable levels by time:
       D: 7321 daAuts
